 Dungeon Crawl Stone Soup version 0.19.1-1-g22dce08 (webtiles) character file.

1573 theAP the Skirmisher (level 8, -2/74 HPs)
             Began as a Hill Orc Fighter on Jan 14, 2017.
             Killed from afar by HEYYEYAAE's ghost (13 damage)
             ... with a bolt of negative energy
             ... on level 7 of the Dungeon.
             The game lasted 00:20:03 (5127 turns).

theAP the Skirmisher (Hill Orc Fighter)             Turns: 5127, Time: 00:20:04

Health: -2/74      AC: 14    Str: 24    XL:     8   Next: 90%
Magic:  2/2        EV:  8    Int: 19    God:
Gold:   326        SH: 11    Dex: 10    Spells: 1 memorised, 4 levels left

rFire  + + .     SeeInvis .     s - +7 whip "Anept" {antimagic, rPois MP-9 Str+3 Int+6}
rCold  + + .     Gourm    .     J - +6 scale mail of Death Resistance {rF+ rN+}
rNeg   + . .     Faith    .     c - +2 shield
rPois  +         Spirit   .     (no helmet)
rElec  +         Reflect  .     j - +0 cloak
rCorr  +         Harm     .     L - +0 pair of gloves
MR     +....                    (no boots)
Stlth  ..........               (no amulet)
                                y - ring of Autumn {rF+ MR+ MP+9 Int+5}
                                n - ring of ice

@: resistant, drained
A: no striking features
a: no special abilities


You were on level 7 of the Dungeon.
You were hungry.

You visited 1 branch of the dungeon, and saw 7 of its levels.

You collected 326 gold pieces.

Inventory:

Hand Weapons
 a - a +0 long sword
 s - the +7 whip "Anept" (weapon) {antimagic, rPois MP-9 Str+3 Int+6}
   (You found it on level 4 of the Dungeon)

   It reduces the magical energy of the wielder, and disrupts the spells and
   magical abilities of those hit.
   Natural abilities and divine invocations are not affected.
   It affects your strength (+3).
   It affects your intelligence (+6).
   It protects you from poison.
   It affects your magic capacity (-9).
Armour
 b - a +0 scale mail
 c - a +2 shield (worn)
 e - a +0 cloak
 j - a +0 cloak (worn)
 v - a +1 chain mail of fire resistance
 H - a +0 plate armour
 J - the +6 scale mail of Death Resistance (worn) {rF+ rN+}
   (You found it on level 6 of the Dungeon)

   It protects you from fire.
   It protects you from negative energy.
 L - a +0 pair of gloves (worn)
Jewellery
 n - a ring of ice (left hand)
 p - an uncursed ring of positive energy
 r - an uncursed ring of magical power
 y - the ring of Autumn (right hand) {rF+ MR+ MP+9 Int+5}
   (You found it on level 5 of the Dungeon)

   [ring of intelligence]

   It affects your intelligence (+5).
   It protects you from fire.
   It affects your resistance to hostile enchantments.
   It affects your magic capacity (+9).
 F - a -2 ring of evasion
 I - a -3 ring of dexterity
Scrolls
 m - 3 scrolls of fear
 q - 3 scrolls of teleportation
 B - a scroll of magic mapping
 E - a scroll of recharging
 M - a scroll of amnesia
 N - 2 scrolls of identify
Potions
 d - a potion of might
 i - 2 potions of brilliance
 l - a potion of heal wounds {unknown}
 w - a potion of invisibility {unknown}
 x - a potion of flight {unknown}
 z - a potion of cancellation
 A - a potion of haste {unknown}
 C - a potion of berserk rage {unknown}
 D - 3 potions of lignification
Books
 o - a book of Minor Magic

   Spells                             Type                      Level
   a - Magic Dart                     Conjuration                  1
   b - Blink                          Translocation                2
   c - Call Imp                       Summoning                    2
   d - Repel Missiles                 Charms/Air                   2
   e - Slow                           Hexes                        2
   f - Conjure Flame                  Conjuration/Fire             3
   g - Mephitic Cloud                 Conjuration/Poison/Air       3
 G - a book of Minor Magic

   Spells                             Type                      Level
   a - Magic Dart                     Conjuration                  1
   b - Blink                          Translocation                2
   c - Call Imp                       Summoning                    2
   d - Repel Missiles                 Charms/Air                   2
   e - Slow                           Hexes                        2
   f - Conjure Flame                  Conjuration/Fire             3
   g - Mephitic Cloud                 Conjuration/Poison/Air       3
 K - a book of Power

   Spells                             Type                      Level
   a - Fulminant Prism                Conjuration/Hexes            4
   b - Iskenderun's Mystic Blast      Conjuration                  4
   c - Venom Bolt                     Conjuration/Poison           5
   d - Bolt of Magma                  Conjuration/Fire/Earth       5
   e - Iron Shot                      Conjuration/Earth            6
   f - Orb of Destruction             Conjuration                  7
   g - Spellforged Servitor           Conjuration/Summoning        7
Comestibles
 f - 8 bread rations
 h - 2 beef jerkies
 k - 9 fruits
 t - a slice of pizza
 u - 3 meat rations


   Skills:
 + Level 7.8(6.8) Fighting
 - Level 6.1(5.1) Long Blades
 * Level 6.7(5.7) Maces & Flails
 - Level 3.5(2.5) Armour
 - Level 2.7(1.8) Dodging
 - Level 3.5(2.5) Shields


You had 4 spell levels left.
You knew the following spells:

 Your Spells              Type           Power        Failure   Level  Hunger
a - Mephitic Cloud        Conj/Pois/Air  #.......     100%        3    ####...


Dungeon Overview and Level Annotations

Branches:
Dungeon (7/15)             Temple (0/1) D:6

Altars:
Dithmenos
Xom
Yredelemnul
The Shining One

Annotations:
D:7 HEYYEYAAE's ghost, novice DrIE


Message History

You closely miss HEYYEYAAE's ghost.
HEYYEYAAE's ghost is moderately damaged.
HEYYEYAAE's ghost hits you but does no damage.
You closely miss HEYYEYAAE's ghost.
HEYYEYAAE's ghost is moderately damaged.
You block HEYYEYAAE's ghost's attack.
You hit HEYYEYAAE's ghost.
HEYYEYAAE's ghost's magic leaks into the air.
HEYYEYAAE's ghost is moderately damaged.
You block HEYYEYAAE's ghost's attack.
You hit HEYYEYAAE's ghost but do no damage.
HEYYEYAAE's ghost is moderately damaged.
HEYYEYAAE's ghost points at you and mumbles some strange words.
You are frozen.
* * * LOW HITPOINT WARNING * * *
You hit HEYYEYAAE's ghost but do no damage.
HEYYEYAAE's ghost is moderately damaged.
HEYYEYAAE's ghost breathes negative energy at you.
The bolt of negative energy hits you! You partially resist.
You feel drained.
You die...

########.##..########.#.#
).######.##..#........#.#
.......#.###.#.########.#
..####.#.###...#.. #.#
.....#.#...#...#.# #..
.....#.###.#...#.#
.....#.# #.#...#.#
#......###.#...#.#
#..........#...#@#
##.#########.#.#W# #.# #
#.#...# #.. !..###+#...#
## ...........#
..........<# ..........>#
.........#.#
........#....


You could see HEYYEYAAE's ghost.

Vanquished Creatures
  The ghost of HEYYEYAAE the Chiller, an amateur DrIE (D:4)
  An orc warrior (D:6)
  3 centaurs
  2 big kobolds (D:6)
  3 bullfrogs
  A scorpion (D:3)
  2 crimson imps
  2 hounds
  A bullfrog zombie (D:5)
  A bullfrog skeleton (D:4)
  Crazy Yiuf (D:4)
  Natasha (thrice) (D:2 D:3)
  2 iguanas
  2 orc wizards
  4 worker ants
  A worker ant zombie (D:6)
  5 adders
  2 oozes
  A worm (D:3)
  6 dart slugs
  2 leopard geckos
  14 orcs
  5 giant cockroaches
  6 goblins
  9 hobgoblins
  2 jackals (D:6)
  2 ball pythons
  5 bats
  5 frilled lizards
  18 kobolds
  6 rats
118 creatures vanquished.

Notes
Turn   | Place    | Note
-------+----------+-------------------------------------------
     0 | D:1      | theAP the Hill Orc Fighter began the quest for the Orb.
     0 | D:1      | Reached XP level 1. HP: 19/19 MP: 1/1
    76 | D:1      | Reached XP level 2. HP: 25/27 MP: 2/2
   498 | D:2      | Reached XP level 3. HP: 21/33 MP: 3/3
   514 | D:2      | Found a shadowy altar of Dithmenos.
   716 | D:2      | Reached skill level 4 in Fighting
   716 | D:2      | Reached skill level 1 in Dodging
   776 | D:2      | Found a shimmering altar of Xom.
   871 | D:2      | Reached XP level 4. HP: 34/40 MP: 4/4
  1035 | D:2      | Noticed Natasha
  1043 | D:2      | Killed Natasha
  1483 | D:3      | Noticed Natasha
  1501 | D:3      | Killed Natasha
  1501 | D:3      | Reached XP level 5. HP: 30/47 MP: 5/5
  2177 | D:3      | Noticed Natasha
  2188 | D:3      | Killed Natasha
  2248 | D:3      | Reached skill level 5 in Fighting
  2248 | D:3      | Reached XP level 6. HP: 40/56 MP: 6/6
  2879 | D:4      | Found a runed door.
  2926 | D:4      | Noticed Crazy Yiuf
  2934 | D:4      | Killed Crazy Yiuf
  2985 | D:4      | Reached skill level 5 in Long Blades
  3244 | D:4      | Got a crystal whip
  3245 | D:4      | Identified the +7 whip "Anept" {antimagic, rPois MP-9 Str+3 Int+6} (You found it on level 4 of the Dungeon)
  3254 | D:4      | Noticed HEYYEYAAE's ghost (amateur DrIE)
  3262 | D:4      | Killed HEYYEYAAE's ghost
  3262 | D:4      | Reached XP level 7. HP: 56/61 MP: 2/7
  3635 | D:5      | Entered Level 5 of the Dungeon
  3720 | D:5      | Got a smoking copper ring
  3722 | D:5      | Identified the ring of Autumn {rF+ MR+ MP+9 Int+5} (You found it on level 5 of the Dungeon)
  3828 | D:6      | Reached skill level 6 in Fighting
  3828 | D:6      | Reached skill level 1 in Maces & Flails
  4056 | D:6      | Learned a level 3 spell: Mephitic Cloud
  4056 | D:6      | Found a staircase to the Ecumenical Temple.
  4119 | D:6      | Reached XP level 8. HP: 68/71 MP: 2/8
  4210 | D:6      | Found a glowing golden altar of the Shining One.
  4248 | D:6      | Reached skill level 7 in Fighting
  4248 | D:6      | Reached skill level 5 in Maces & Flails
  4596 | D:6      | Got a faintly glowing scale mail
  4607 | D:6      | Identified the +6 scale mail of Death Resistance {rF+ rN+} (You found it on level 6 of the Dungeon)
  4982 | D:7      | Found a basalt altar of Yredelemnul.
  5076 | D:7      | Noticed HEYYEYAAE's ghost (novice DrIE)
  5127 | D:7      | Killed from afar by HEYYEYAAE's ghost

Skill      XL: |  1  2  3  4  5  6  7  8 |
---------------+-------------------------+-----
Fighting       | 4 5 6 7 |  7.8
Long Blades    | 3 4 5 6 |  6.1
Dodging        | 1 2 |  2.7
Maces & Flails | 3 6 |  6.7
Armour         | |  3.5
Shields        | |  3.5

Action                   |  1- 3 |  4- 6 |  7- 9 || total
-------------------------+-------+-------+-------++-------
Melee: Long sword        |   139 |   161 |       ||   300
       Whip              |       |     5 |   275 ||   280
  Use: Scroll            |     3 |     7 |     8 ||    18
       Potion            |       |     1 |     5 ||     6
  Eat: Chunk             |       |     8 |     6 ||    14
Armor: Scale mail        |    77 |     9 |    33 ||   119
       Chain mail        |       |    70 |    47 ||   117
       Plate armour      |       |       |    25 ||    25
Dodge: Dodged            |    39 |    37 |    53 ||   129
Block: Shield            |    72 |    75 |   137 ||   284
       Rpst.: Long sword |    13 |     9 |       ||    22
